 Dungeon Crawl Stone Soup version 0.27-a0-421-g7ddf969dea (webtiles) character file.

Game seed: 1006658836474619969

252 kae the Insei (level 5, 0/43 HPs)
             Began as a Demonspawn Monk on Feb 26, 2021.
             Succumbed to an orc wizard's poison
             ... on level 4 of the Dungeon.
             The game lasted 00:03:21 (5750 turns).

kae the Insei (Demonspawn Monk)                     Turns: 5750, Time: 00:03:21

Health: 0/43       AC:  3    Str: 18    XL:     5   Next: 89%
Magic:  5/5        EV: 13    Int: 11    God:
Gold:   180        SH:  0    Dex: 16    Spells: 4/4 levels left

rFire    + . .     SeeInvis .     - Unarmed
rCold    . . .     Faith    .   (no shield)
rNeg     . . .     Spirit   .   a - +0 robe
rPois    .         Reflect  .   (no helmet)
rElec    .         Harm     .   (no cloak)
rCorr    +         Rampage  .   (no gloves)
Will     .....     Rnd*Rage +   g - +0 pair of boots
Stlth    ++........             (no amulet)
HPRegen  0.14/turn              d - +6 ring of strength
MPRegen  0.18/turn              f - ring of resist corrosion

@: mighty, brilliant, lethally poisoned (0 -> -2), hasted, very quick
A: berserk 2, demonic guardian 1, fire resistance 1, wild magic 1, magic
regeneration
a: no special abilities


You were on level 4 of the Dungeon.
You visited 1 branch of the dungeon, and saw 4 of its levels.

You collected 180 gold pieces.

Inventory:

Armour
 a - a +0 robe (worn)
 g - a +0 pair of boots (worn)
Jewellery
 d - a +6 ring of strength (left hand)
 f - a ring of resist corrosion (right hand)
Wands
 e - a wand of iceblast (9)
Scrolls
 b - a scroll of teleportation
 j - a scroll of fog
 l - a scroll of amnesia
Potions
 i - a potion of might


   Skills:
 + Level 4.5 Fighting
 - Level 2.6 Dodging
 - Level 1.7 Stealth
 * Level 5.2 Unarmed Combat


You had 4 spell levels left.
You didn't know any spells.
Your spell library was empty.

Dungeon Overview and Level Annotations

Branches:
Dungeon (4/15)
 Temple: D:4-7

Altars:
Qazlal


Innate Abilities, Weirdness & Mutations

A weak demonic guardian rushes to your aid.
You regenerate magic rapidly.
You often lose your temper in combat.
Your flesh is heat resistant. (rF+)
Your spells are a little harder to cast, but a little more powerful.


Message History

The orc hits you from afar with a +0 trident.
* * * LOW HITPOINT WARNING * * *
You feel better.
The orc priest invokes the aid of Beogh against you.
You barely resist. The orc closely misses you.
The orc wizard hits you with a +2 dagger of venom.
* * * LOW HITPOINT WARNING * * *
You are poisoned.
Your shadow imp hits the orc wizard.
You hit the orc wizard.
You kill the orc wizard!
You feel sick. The orc closely misses you.
The orc priest mumbles some strange prayers to Beogh against you.
Pain shoots through your body!
* * * LOW HITPOINT WARNING * * *
As you read the scroll of fear, it crumbles to dust.
You assume a fearsome visage.
The orc priest looks frightened!
The orc looks frightened! x2
Your shadow imp is unaffected.
* * * LOW HITPOINT WARNING * * *
You feel sick.
* * * LOW HITPOINT WARNING * * *
You feel sick.
The orc priest hums to itself desperately, trying to keep calm.
* * * LOW HITPOINT WARNING * * *
You feel sick.
It was a potion of brilliance.
You feel clever all of a sudden.
It was a potion of might.
You feel very mighty all of a sudden.
It was a potion of mutation.
You feel extremely strange.
You feel a little pissed off.
You feel resistant to heat.
You feel angry.
You feel less in control of your magic.
* * * LOW HITPOINT WARNING * * *
You feel sick.
Unknown command.
Unknown command.
* * * LOW HITPOINT WARNING * * *
You feel sick.
You die...

#..# #..# #..#
#5.# #..# #..#
#..#
#.##############
#....@.(......<#
################


There were no monsters in sight!

Vanquished Creatures
  2 orc wizards
  4 gnolls
  3 adders (D:2)
  3 worms (D:2)
  2 dart slugs (D:1)
  5 leopard geckos
  8 orcs
  5 bats
  A giant cockroach (D:1)
  7 goblins
  15 hobgoblins
  3 jackals (D:3)
  5 kobolds
  A quokka (D:3)
  A ball python (D:3)
  10 frilled lizards
  8 rats
83 creatures vanquished.

Vanquished Creatures (collateral kills)
  An orc wizard (D:3)
  An adder (D:3)
  2 orcs (D:3)
4 creatures vanquished.

Vanquished Creatures (others)
  A hobgoblin (D:1)
1 creature vanquished.

Grand Total: 88 creatures vanquished

Notes
Turn   | Place    | Note
-------+----------+-------------------------------------------
     0 | D:1      | kae the Demonspawn Monk began the quest for the Orb.
     0 | D:1      | Reached XP level 1. HP: 18/18 MP: 1/1
   378 | D:1      | Reached skill level 3 in Unarmed Combat
   514 | D:1      | Gained mutation: A weak demonic guardian rushes to your
                  | aid. [demonic ancestry]
   514 | D:1      | Reached XP level 2. HP: 16/24 MP: 2/2
  1164 | D:1      | Reached XP level 3. HP: 26/26 MP: 3/3
  2214 | D:2      | Found a stormy altar of Qazlal.
  2728 | D:2      | Reached skill level 4 in Unarmed Combat
  2860 | D:2      | Gained mutation: You regenerate magic rapidly. [demonic
                  | ancestry]
  2860 | D:2      | Reached XP level 4. HP: 37/37 MP: 4/4
  4292 | D:3      | Reached XP level 5. HP: 20/42 MP: 5/5
  5128 | D:3      | Reached skill level 5 in Unarmed Combat
  5727 | D:4      | HP: 2/43 [poisoned by an orc wizard]
  5737 | D:4      | HP: 2/43 [poisoned by an orc wizard]
  5741 | D:4      | Gained mutation: You tend to lose your temper in combat.
                  | [potion of mutation]
  5741 | D:4      | Gained mutation: Your flesh is heat resistant. (rF+)
                  | [potion of mutation]
  5741 | D:4      | Gained mutation: You often lose your temper in combat.
                  | [potion of mutation]
  5741 | D:4      | Gained mutation: Your spells are a little harder to cast,
                  | but a little more powerful. [potion of mutation]
  5745 | D:4      | HP: 1/43 [poisoned by an orc wizard]
  5750 | D:4      | Succumbed to an orc wizard's poison

Illustrated notes

Levels and vault maps discovered:
D:1:      nzn_arrival_settlement, layout_basic, kennysheep_small_spiral
D:2:      wad_river_or_something, layout_basic, nicolae_qazlal_general_emergency
D:3:      layout_basic, kennysheep_cluttered_room
D:4:      layout_basic, saegor_snake_ambush

Skill      XL: |  1  2  3  4  5 |
---------------+----------------+-----
Unarmed Combat | 3 4 5 |  5.2
Fighting       | 4 |  4.5
Dodging        | |  2.6
Stealth        | |  1.7

Action                   |  1- 3 |  4- 6 || total
-------------------------+-------+-------++-------
Melee: Unarmed           |   149 |   195 ||   344
       Punch             |     1 |     4 ||     5
  Use: Scroll            |     6 |     5 ||    11
       Potion            |       |     8 ||     8
 Stab: Sleeping          |     5 |     8 ||    13
Armor: Robe              |    21 |    19 ||    40
Dodge: Dodged            |    86 |   127 ||   213

Table legend: (Time is in decaauts)
 A = Elapsed time spent in this place.
 B = Non-inter-level travel time spent in this place.
 C = Inter-level travel time spent in this place.
 D = Time resting spent in this place.
 E = Time spent auto-exploring this place.
 F = Levels seen in this place.
 G = Mean time per level.
                   A        B        C        D        E       F      G
               +--------+--------+--------+--------+--------+-----+--------+
         Total |   5720 |   5633 |     87 |    977 |   3851 |   4 | 1430.0 |
       Dungeon |   5720 |   5633 |     87 |    977 |   3851 |   4 | 1430.0 |
               +--------+--------+--------+--------+--------+-----+--------+

Top non-repeatable levels by time:
     D:2: 2707 daAuts
     D:1: 1628 daAuts
     D:3: 1325 daAuts
     D:4: 59 daAuts
